 Dungeon Crawl Stone Soup version 0.22.1-1-ga44c0e5 (webtiles) character file.

1298 Gorglomux the Skirmisher (level 8, -1/65 HPs)
             Began as a Human Wanderer on Oct 4, 2018.
             Slain by an orc warrior
             ... wielding a +0 short sword
              (6 damage)
             ... on level 5 of the Dungeon.
             The game lasted 00:11:55 (7035 turns).

Gorglomux the Skirmisher (Human Wanderer)           Turns: 7035, Time: 00:11:55

Health: -1/65      AC: 11    Str: 16    XL:     8   Next: 87%
Magic:  8/8        EV:  7    Int: 10    God:
Gold:   99         SH:  5    Dex: 14    Spells: 7/7 levels left

rFire    . . .     SeeInvis .   b - +0 hand crossbow
rCold    . . .     Gourm    .   O - +0 buckler
rNeg     . . .     Faith    .   Z - +0 chain mail
rPois    .         Spirit   .   (no helmet)
rElec    .         Reflect  .   H - +0 cloak
rCorr    .         Harm     .   (no gloves)
MR       .....                  W - +1 pair of boots
Stlth    ..........             (no amulet)
HPRegen  0.20/turn              (no ring)
MPRegen  0.11/turn              (no ring)

@: no status effects
A: no striking features
a: no special abilities


You were on level 5 of the Dungeon.
You were not hungry.

You visited 2 branches of the dungeon, and saw 7 of its levels.

You collected 260 gold pieces.
You spent 161 gold pieces at shops.

Inventory:

Hand Weapons
 a - a +0 trident
 b - a +0 hand crossbow (weapon)
Missiles
 d - 48 bolts (quivered)
Armour
 H - a +0 cloak (worn)
 O - a +0 buckler (worn)
 W - a +1 pair of boots (worn)
 Z - a +0 chain mail (worn)
Scrolls
 c - a scroll of fear
 E - a scroll of summoning {unknown}
 G - a scroll of amnesia {unknown}
 I - a scroll of enchant weapon {unknown}
 M - 3 scrolls of remove curse {unknown}
 N - 2 scrolls of magic mapping {unknown}
 P - a scroll of fog {unknown}
 Q - 3 scrolls of enchant armour {unknown}
 R - 5 scrolls of identify
 T - 2 scrolls of teleportation
 U - a scroll of blinking {unknown}
Potions
 B - 2 potions of ambrosia {unknown}
 C - 2 potions of curing {unknown}
 D - 2 potions of magic {unknown}
 F - a potion of might {unknown}
 J - 3 potions of heal wounds
 K - a potion of agility {unknown}
 L - a potion of mutation {unknown}
 S - 5 potions of flight {unknown}
 V - a potion of cancellation {unknown}
 X - 4 potions of brilliance
 Y - a potion of haste
Comestibles
 g - 5 rations
 A - 7 chunks of flesh


   Skills:
 + Level 6.4 Fighting
   Level 2.0 Bows
 + Level 6.2 Crossbows
 - Level 1.0 Armour
 - Level 3.0 Dodging
 - Level 3.0 Stealth
 - Level 4.1 Shields


You had 7 spell levels left.
You didn't know any spells.
Your spell library was empty.

Dungeon Overview and Level Annotations

Branches:
Dungeon (6/15)             Temple (1/1) D:5

Altars:
Cheibriados
Dithmenos
Gozag
Hepliaklqana
Makhleb
Nemelex Xobeh
Okawaru
Qazlal
Ru
Trog
Uskayaw
Vehumet
Xom
Yredelemnul
The Shining One

Shops:
D:4 [

Annotations:
D:5 1 runed door


Message History

You shoot a butt!
The bolt hits the orc butt but does no damage!
The orc warrior is almost dead!
The orc warrior hits you with a short sword! * * * don't die
* * * The orc warrior hits you with a short sword!!! * * * don't die
* * *
There is a stone staircase leading down, spattered with blood here!
Okay, then!
You aren't carrying any items that you can evoke without wielding!
You feel much better!
Firing (butt - inventory)
d - 49 bolts (quivered)
Press: ? - help, Shift-Dir - straight line, f/p - orc warrior
Aim: an orc warrior, wielding a short sword and wearing a plate armour (butt You shoot a butt!
The bolt hits the orc warrior!
The orc warrior is almost dead!
The orc warrior hits you with a short sword!!! * * * don't die
* * * The orc warrior hits you with a short sword! rip

#.#...#.#.....#.......
#.[.....######.......#
#.......#####......<..
#.#...#.#...'.........
#.......#####.....<...
#.......# ##.......#
#.##....# ##.....##
#......## ##...##
#####@### ##'## #o#>##
#.# #....# #.# ###.##
##.#### #(# ##...##.
#.# #.....#. #.#
##...##.
#.#########.###.
#(........).....


You could see an orc warrior.

Vanquished Creatures
  A soldier ant (D:5)
  A phantom (D:5)
  3 ogres (D:5)
  3 scorpions
  A killer bee (D:5)
  A centaur zombie (D:5)
  A jelly (D:5)
  A centaur skeleton (D:4)
  2 orc wizards (D:6)
  2 iguanas (D:3)
  9 worker ants
  6 adders
  A shadow imp (D:5)
  An ooze (D:5)
  An adder zombie (D:5)
  3 worms
  4 dart slugs
  2 leopard geckos
  8 orcs
  2 ball pythons (D:3)
  6 bats
  5 giant cockroaches
  5 goblins
  3 hobgoblins
  7 jackals
  4 frilled lizards
  8 kobolds
  15 rats
106 creatures vanquished.

Vanquished Creatures (others)
  An ogre (D:5)
  An iguana (D:5)
2 creatures vanquished.

Grand Total: 108 creatures vanquished

Notes
Turn   | Place    | Note
-------+----------+-------------------------------------------
     0 | D:1      | Gorglomux the Human Wanderer began the quest for the Orb.
     0 | D:1      | Gorglomux set off with: a +2 dagger, a scroll of fear, a +0
                  | hand crossbow, 23 bolts, a +0 robe, a ration, a scroll of
                  | teleportation
     0 | D:1      | Reached XP level 1. HP: 13/13 MP: 1/1
    87 | D:1      | Reached skill level 1 in Fighting
   339 | D:1      | Reached XP level 2. HP: 17/21 MP: 2/2
  1018 | D:2      | Reached skill level 1 in Crossbows
  1038 | D:2      | Reached XP level 3. HP: 24/27 MP: 3/3
  2004 | D:2      | Found a basalt altar of Yredelemnul.
  2258 | D:3      | Reached XP level 4. HP: 26/34 MP: 4/4
  3295 | D:4      | Reached XP level 5. HP: 37/40 MP: 5/5
  3332 | D:4      | Found Jexzoedi's Armour Shoppe.
  3415 | D:3      | Reached skill level 3 in Fighting
  3890 | D:4      | Reached skill level 3 in Crossbows
  3890 | D:4      | Reached XP level 6. HP: 34/47 MP: 6/6
  4245 | D:4      | Found a stormy altar of Qazlal.
  4248 | D:4      | Noticed a water elemental
  4248 | D:4      | Noticed an air elemental
  4248 | D:4      | Noticed a fire elemental
  4345 | D:4      | Bought a +1 pair of boots for 161 gold pieces
  4646 | D:4      | Reached skill level 3 in Shields
  4807 | D:5      | Entered Level 5 of the Dungeon
  4820 | D:5      | Noticed an ogre
  4867 | D:5      | Found a shimmering altar of Xom.
  4918 | D:5      | Reached XP level 7. HP: 36/53 MP: 7/7
  5281 | D:5      | Found a runed door.
  5294 | D:5      | Found a runed door.
  5997 | D:5      | Reached XP level 8. HP: 47/62 MP: 8/8
  6004 | D:5      | Found a staircase to the Ecumenical Temple.
  6015 | Temple   | Entered the Ecumenical Temple
  6673 | D:5      | Reached skill level 6 in Fighting
  6684 | D:5      | Reached skill level 6 in Crossbows
  7030 | D:5      | HP: 1/65 [orc warrior/short sword (14)]
  7035 | D:5      | Slain by an orc warrior

Skill      XL: |  1  2  3  4  5  6  7  8 |
---------------+-------------------------+-----
Fighting       | 1 2 3 5 6 |  6.4
Crossbows      | 1 2 3 4 6 |  6.2
Shields        | 2 3 4 |  4.1
Bows           | |  2.0
Armour         | |  1.0
Dodging        | |  3.0
Stealth        | |  3.0

Action                   |  1- 3 |  4- 6 |  7- 9 || total
-------------------------+-------+-------+-------++-------
Melee: Dagger            |   128 |    97 |       ||   225
       Trident           |       |       |   108 ||   108
 Fire: Hand crossbow     |    29 |    99 |   106 ||   234
  Use: Scroll            |       |     1 |     1 ||     2
       Potion            |       |       |     1 ||     1
 Stab: Sleeping          |     2 |       |       ||     2
       Confused          |       |       |     1 ||     1
  Eat: Chunk             |     4 |     8 |     4 ||    16
       Ration            |       |       |     1 ||     1
Armor: Chain mail        |    73 |    77 |    80 ||   230
       Robe              |     1 |       |       ||     1
Dodge: Dodged            |    47 |    39 |    57 ||   143
Block: Buckler           |    10 |    29 |    32 ||    71
